 Dungeon Crawl Stone Soup version 0.19.1-1-g22dce08 (webtiles) character file.

122 HessuHobo the Conjurer (level 4, -2/24 HPs)
             Began as a Deep Elf Conjurer on Dec 28, 2016.
             Slain by a scorpion (7 damage)
             ... on level 3 of the Dungeon.
             The game lasted 00:05:07 (2613 turns).

HessuHobo the Conjurer (Deep Elf Conjurer)          Turns: 2613, Time: 00:05:08

Health: -2/24      AC:  4    Str:  6    XL:     4   Next: 78%
Magic:  3/10       EV: 13    Int: 20    God:
Gold:   123        SH:  0    Dex: 15    Spells: 2 memorised, 6 levels left

rFire  . . .     SeeInvis .     k - -2 dagger (curse)
rCold  . . .     Gourm    .     a - +0 robe
rNeg   . . .     Faith    .     (no shield)
rPois  .         Spirit   .     l - +2 hat
rElec  .         Reflect  .     (no cloak)
rCorr  .         Harm     .     (no gloves)
MR     .....                    (no boots)
Stlth  ++........               (no amulet)
                                (no ring)
                                (no ring)

@: lethally poisoned (-2 -> -15)
A: no striking features
a: no special abilities


You were on level 3 of the Dungeon.
You were not hungry.

You visited 1 branch of the dungeon, and saw 3 of its levels.

You collected 123 gold pieces.

Inventory:

Hand Weapons
 k - a cursed -2 dagger (weapon)
Armour
 a - a +0 robe (worn)
 l - a +2 hat (worn)
Jewellery
 g - a +3 ring of intelligence {unknown}
 i - an uncursed ring of poison resistance {unknown}
 m - an uncursed ring of protection from cold {unknown}
 n - a +5 ring of protection {unknown}
Wands
 q - a wand of enslavement (13/24)
Scrolls
 d - 2 scrolls of noise
 e - 2 scrolls of immolation {unknown}
 h - a scroll of enchant weapon
Books
 b - a book of Conjurations

   Spells                             Type                      Level
   a - Magic Dart                     Conjuration                  1
   b - Searing Ray                    Conjuration                  2
   c - Dazzling Spray                 Conjuration/Hexes            3
   d - Fulminant Prism                Conjuration/Hexes            4
   e - Iskenderun's Mystic Blast      Conjuration                  4
   f - Iskenderun's Battlesphere      Conjuration/Charms           5
Comestibles
 c - a bread ration
 f - a beef jerky
 j - 2 meat rations
 o - a royal jelly
 p - a chunk of flesh


   Skills:
 + Level 0.1 Fighting
 + Level 0.2 Short Blades
 - Level 2.4 Dodging
 - Level 2.4 Stealth
 - Level 3.0 Spellcasting
 + Level 6.7 Conjurations


You had 6 spell levels left.
You knew the following spells:

 Your Spells              Type           Power        Failure   Level  Hunger
a - Magic Dart            Conj           ####         1%          1    None
b - Searing Ray           Conj           ####..       1%          2    ##.....


Dungeon Overview and Level Annotations

Branches:
Dungeon (3/15)

Altars:
Xom
Yredelemnul


Message History

The scorpion stings you.
You are lethally poisoned!
The scorpion poisons you!
You hit the scorpion but do no damage.
The scorpion is severely wounded.
You feel sick. The scorpion closely misses you.
You hit the scorpion but do no damage.
The scorpion is severely wounded.
* * * LOW HITPOINT WARNING * * *
You feel sick. The scorpion stings you.
* * * LOW HITPOINT WARNING * * *
Casting: Magic Dart
Confirm with . or Enter, or press ? or * to list all spells.
Aiming: Magic Dart
Press: ? - help, Shift-Dir - straight line, f/p - scorpion
Aim: a scorpion (severely wounded)
The magic dart hits the scorpion.
The scorpion is severely wounded.
The scorpion stings you!
You die...

#.# #..... #(####
#...#
#[...######...#####
####..............
##..)........####
#.##...........#
...###.......#
##### #..>....##
#.......@####
#........s..#
#..........###.?...
###........... ....
############# ###


You could see a scorpion.

Vanquished Creatures
  A worker ant (D:3)
  4 adders
  A worm (D:3)
  A dart slug (D:3)
  2 leopard geckos
  A ball python (D:2)
  6 bats
  4 giant cockroaches
  9 goblins
  7 hobgoblins
  A quokka (D:2)
  3 frilled lizards
  3 kobolds
  11 rats
54 creatures vanquished.

Notes
Turn   | Place    | Note
-------+----------+-------------------------------------------
     0 | D:1      | HessuHobo the Deep Elf Conjurer began the quest for the Orb.
     0 | D:1      | Reached XP level 1. HP: 10/10 MP: 6/6
   343 | D:1      | Reached XP level 2. HP: 15/15 MP: 6/8
   412 | D:1      | Reached skill level 5 in Conjurations
  1103 | D:2      | Reached XP level 3. HP: 19/19 MP: 2/9
  1173 | D:2      | Learned a level 2 spell: Searing Ray
  1485 | D:2      | Found a basalt altar of Yredelemnul.
  1487 | D:2      | Found a shimmering altar of Xom.
  2007 | D:3      | Reached skill level 6 in Conjurations
  2130 | D:3      | Reached XP level 4. HP: 19/24 MP: 1/10
  2176 | D:3      | HP: 1/24 [poisoned by an adder]
  2613 | D:3      | Slain by a scorpion

Skill      XL: |  1  2  3 |
---------------+----------+-----
Conjurations   | 5 6 |  6.7
Fighting       | |  0.1
Short Blades   | |  0.2
Dodging        | |  2.4
Stealth        | |  2.4
Spellcasting   | |  3.0

Action                   |  1- 3 |  4- 6 || total
-------------------------+-------+-------++-------
Melee: Dagger            |     1 |     8 ||     9
 Cast: Magic Dart        |    94 |    28 ||   122
  Use: Scroll            |     6 |       ||     6
       Potion            |     2 |     1 ||     3
  Eat: Chunk             |     1 |     2 ||     3
       Fruit             |     1 |       ||     1
       Pizza             |     1 |       ||     1
Armor: Robe              |     4 |     5 ||     9
Dodge: Dodged            |    15 |    18 ||    33
